 Dungeon Crawl Stone Soup version 0.20.1-4-g4af34eaf8e (webtiles) character file.

132 Alfie the Shooter (level 4, -1/38 HPs)
             Began as a Minotaur Hunter on Feb 28, 2020.
             Killed from afar by Sigmund (7 damage)
             ... with a magic dart
             ... on level 2 of the Dungeon.
             The game lasted 00:05:32 (1782 turns).

Alfie the Shooter (Minotaur Hunter)                 Turns: 1782, Time: 00:05:32

Health: -1/38      AC:  3    Str: 18    XL:     4   Next: 92%
Magic:  0/3        EV: 12    Int:  8    God:
Gold:   95         SH:  0    Dex: 10    Spells: 3/3 levels left

rFire    . . .     SeeInvis .   b - +0 short sword
rCold    . . .     Gourm    .   (no shield)
rNeg     + . .     Faith    .   c - +0 leather armour
rPois    .         Spirit   +   (helmet restricted)
rElec    .         Reflect  .   (no cloak)
rCorr    .         Harm     .   (no gloves)
MR       .....                  (no boots)
Stlth    +.........             n - amulet of guardian spirit
Regen    0.2/turn               p - ring of positive energy
MPRegen  0.1/turn               (no ring)

@: no status effects
A: retaliatory headbutt, horns 2
a: no special abilities


You were on level 2 of the Dungeon.
You were not hungry.

You visited 1 branch of the dungeon, and saw 2 of its levels.

You collected 95 gold pieces.

Inventory:

Hand Weapons
 a - a +1 shortbow
 b - a +0 short sword (weapon)
Missiles
 d - 20 arrows
Armour
 c - a +0 leather armour (worn)
Jewellery
 n - an amulet of guardian spirit (around neck)
 p - a ring of positive energy (left hand)
Scrolls
 f - a scroll of magic mapping {unknown}
 g - 6 scrolls of remove curse {unknown}
 h - a scroll of noise {unknown}
 i - a scroll of fog {unknown}
 k - a scroll of enchant weapon {unknown}
Potions
 l - a potion of flight {unknown}
 m - 2 potions of berserk rage {unknown}
 r - a potion of mutation {unknown}
Comestibles
 o - a meat ration


   Skills:
 + Level 3.4 Fighting
 + Level 6.1 Bows
 + Level 1.3 Armour
 + Level 2.5 Dodging
 + Level 0.8 Stealth


You had 3 spell levels left.
You didn't know any spells.

Dungeon Overview and Level Annotations

Branches:
Dungeon (2/15)

Altars:
Nemelex Xobeh

Annotations:
D:2 Sigmund


Innate Abilities, Weirdness & Mutations

You reflexively headbutt those who attack you in melee.
You have a pair of horns on your head.


Message History

You bump into the rock wall.
Something hits you.
You feel less confused. Something hits you.
* * * LOW HITPOINT WARNING * * *
You hit something but do no damage. Something hits you.
* * * LOW HITPOINT WARNING * * *
You barely miss something.
Wield which item (- for none, * to show all)? (? for menu, Esc to quit)
Okay, then.
You feel better. Something hits you!
* * * LOW HITPOINT WARNING * * *
It was a potion of cancellation.
You feel magically purged.
You hear some strange, mumbled words.
Something tries to affect you, but you resist.
As you read the scroll labeled FUFOJE KOKUKHLA, it crumbles to dust.
The creatures around you are filled with an inner flame!
It was a scroll of immolation.
Something barely misses you.
A magic dart appears from out of thin air!
The magic dart hits you!
You die...

###..........#...
###############........#####...
#.............'........# #...
#.#############........# #...
#.#...........###......# #...
#.......#####.# #......#####...
####.##.# #.# #..........[..#
#.##.# #.###############.#
#..#.. #.@..{.((.(. #.# ##.####
############ #.# #.# #.# #.#
#.# #.# #.# #.# #.# #.# #.# #.#
#.# #..


There were no monsters in sight!

Vanquished Creatures
  Natasha (twice) (D:2)
  2 adders (D:2)
  An ooze (D:2)
  A worm (D:2)
  3 dart slugs
  A ball python (D:2)
  A giant cockroach (D:1)
  7 goblins
  8 hobgoblins
  5 jackals (D:1)
  5 kobolds
  A quokka (D:2)
  3 bats
  4 frilled lizards
  2 rats (D:1)
46 creatures vanquished.

Notes
Turn   | Place    | Note
-------+----------+-------------------------------------------
     0 | D:1      | Alfie the Minotaur Hunter began the quest for the Orb.
     0 | D:1      | Reached XP level 1. HP: 18/18 MP: 0/0
   110 | D:1      | Reached XP level 2. HP: 21/25 MP: 1/1
   210 | D:1      | Reached skill level 5 in Bows
   227 | D:1      | Found a sparkling altar of Nemelex Xobeh.
   600 | D:1      | Reached XP level 3. HP: 28/30 MP: 2/2
  1229 | D:2      | Reached XP level 4. HP: 38/38 MP: 3/3
  1391 | D:2      | Found a sparkling altar of Nemelex Xobeh.
  1427 | D:2      | Noticed Natasha
  1445 | D:2      | Killed Natasha
  1445 | D:2      | Reached skill level 1 in Armour
  1659 | D:2      | Noticed Natasha
  1673 | D:2      | Killed Natasha
  1673 | D:2      | Reached skill level 6 in Bows
  1750 | D:2      | Noticed Sigmund
  1782 | D:2      | Killed from afar by Sigmund

Skill      XL: |  1  2  3  4 |
---------------+-------------+-----
Bows           | 5 6 |  6.1
Fighting       | 3 |  3.4
Armour         | 1 |  1.3
Dodging        | |  2.5
Stealth        | |  0.8

Action                   |  1- 3 |  4- 6 || total
-------------------------+-------+-------++-------
Melee: Short sword       |       |    35 ||    35
       Headbutt          |       |     5 ||     5
 Fire: Shortbow          |    85 |    38 ||   123
  Use: Scroll            |     2 |     1 ||     3
       Potion            |       |     2 ||     2
  Eat: Bread ration      |     1 |       ||     1
Armor: Leather armour    |     2 |     7 ||     9
Dodge: Dodged            |    20 |    25 ||    45
